 Dungeon Crawl Stone Soup version 0.22-a0-135-g6f012ad (webtiles) character file.

30 KristoblXynda the Charlatan (level 3, -2/28 HPs)
             Began as a Draconian Artificer on Jan 31, 2018.
             Slain by an adder (4 damage)
             ... on level 2 of the Dungeon.
             The game lasted 00:01:07 (694 turns).

KristoblXynda the Charlatan (Draconian Artificer)    Turns: 694, Time: 00:01:08

Health: -2/28      AC:  7    Str: 14    XL:     3   Next: 3%
Magic:  5/5        EV: 12    Int: 12    God:
Gold:   33         SH:  0    Dex: 11    Spells: 2/2 levels left

rFire    . . .     SeeInvis .   a - +0 short sword
rCold    . . .     Gourm    .   (no shield)
rNeg     . . .     Faith    .   (armour unavailable)
rPois    .         Spirit   .   (helmet restricted)
rElec    .         Reflect  .   (no cloak)
rCorr    .         Harm     .   i - +1 pair of gloves
MR       .....                  (no boots)
Stlth    +.........             (no amulet)
HPRegen  0.09/turn              (no ring)
MPRegen  0.09/turn              (no ring)

@: lethally poisoned (-2 -> -10)
A: unfitting armour, cold-blooded, AC +5
a: no special abilities


You were on level 2 of the Dungeon.
You were not hungry.

You visited 1 branch of the dungeon, and saw 2 of its levels.

You collected 33 gold pieces.

Inventory:

Hand Weapons
 a - a +0 short sword (weapon)
 e - a +0 vampiric dagger
Armour
 i - a +1 pair of gloves (worn)
Wands
 b - a wand of flame (15)
 c - a wand of enslavement (15)
 d - a wand of random effects (15)
Scrolls
 g - a scroll of remove curse {unknown}
 h - a scroll of enchant armour {unknown}
Potions
 j - a potion of agility {unknown}
 k - a potion of magic {unknown}
Comestibles
 f - 4 rations


   Skills:
 - Level 1.1 Fighting
 + Level 1.9 Short Blades
 + Level 2.3 Dodging
 - Level 0.8 Stealth
 + Level 3.4 Evocations


You had 2 spell levels left.
You didn't know any spells.

Dungeon Overview and Level Annotations

Branches:
Dungeon (2/15)

Altars:


Innate Abilities, Weirdness & Mutations

Your plain brown scales are hard. (AC +5)
You cannot fit into any form of body armour.
You are cold-blooded and may be slowed by cold attacks.


Message History

You hit the adder but do no damage.
The adder is heavily wounded.
You feel sick. The adder bites you but does no damage.
You hit the adder.
The adder is severely wounded.
The adder bites you but does no damage. x2
You closely miss the adder.
The adder is severely wounded.
The adder bites you but does no damage.
You hit the adder. You tail-slap the adder.
The adder is almost dead.
You feel sick. The adder bites you.
* * * LOW HITPOINT WARNING * * *
You are more poisoned.
The adder poisons you!
You closely miss the adder.
Your tail-slap misses the adder.
The adder is almost dead.
* * * LOW HITPOINT WARNING * * *
You feel sick. The adder bites you.
You die...

#########
#.>.....#
#.#####.#######
#.#...........#
#.)...#.#####.#
###.....#.# #.#
.##.......# #.#
..(..######
##.#### .#####
#..@S.# .#
#..##.# .. #...
# .## #.#. .#
#. .# .. #. ..
.## ## .#


You could see an adder.

Vanquished Creatures
  An ooze (D:1)
  A leopard gecko (D:1)
  A ball python (D:1)
  2 bats (D:1)
  A giant cockroach (D:1)
  3 goblins (D:1)
  A hobgoblin (D:1)
  4 jackals (D:1)
  3 kobolds
  3 frilled lizards (D:1)
  A rat (D:1)
21 creatures vanquished.

Notes
Turn   | Place    | Note
-------+----------+-------------------------------------------
     0 | D:1      | KristoblXynda the Draconian Artificer began the quest for the Orb.
     0 | D:1      | Reached XP level 1. HP: 16/16 MP: 3/3
   161 | D:1      | Reached XP level 2. HP: 15/23 MP: 4/4
   514 | D:1      | Reached XP level 3. HP: 21/28 MP: 5/5
   694 | D:2      | Slain by an adder

Vault maps used:
D:1:      evilmike_arrival_rings
D:2:      fedhas_altar_1

Skill      XL: |  1 |
---------------+----+-----
Dodging        | 2 |  2.3
Fighting       | |  1.1
Short Blades   | |  1.9
Stealth        | |  0.8
Evocations     | |  3.4

Action                   || total
-------------------------++-------
Melee: Short sword       ||   103
       Tailslap          ||     9
 Stab: Sleeping          ||     1
Armor: Skin              ||    40
Dodge: Dodged            ||    73

Table legend:
 A = Spawn XP
 B = Non-spawn XP
 C = Spawn XP percentage of total XP
 D = Spawn monster count
 E = Non-spawn monster count
 F = Spawn count percentage of total count
 G = Total turns spent on level
                    A         B        C        D         E        F      G
               +---------+---------+-------+---------+---------+-------+---------
         Total |       0 |      43 |   0.0 |       0 |      21 |   0.0 |   694
               +---------+---------+-------+---------+---------+-------+---------
           D:1 |       0 |      41 |   0.0 |       0 |      20 |   0.0 |   637
           D:2 |       0 |       2 |   0.0 |       0 |       1 |   0.0 |    57
               +---------+---------+-------+---------+---------+-------+---------
